 Dungeon Crawl Stone Soup version 0.27-a0-1189-gb8eb6cee8e (webtiles) character file.

Game seed: 17282666933651857222

107 leviel the Skirmisher (level 4, -10/32 HPs)
             Began as a Gargoyle Fighter on May 22, 2021.
             Killed from afar by a hell hog (14 damage)
             ... with a fireball
             ... on level 1 of the Abyss.
             The game lasted 00:02:33 (2614 turns).

leviel the Skirmisher (Gargoyle Fighter)            Turns: 2614, Time: 00:02:33

Health: -10/32     AC: 10    Str: 20    XL:     4   Next: 85%
Magic:  4/4        EV:  7    Int:  9    God:
Gold:   121        SH:  9    Dex:  9    Spells: 3/3 levels left

rFire    . . .     SeeInvis .   a - +0 flail
rCold    . . .     Faith    .   c - +0 kite shield
rNeg     + . .     Spirit   .   b - +0 scale mail
rPois    ∞         Reflect  .   (no helmet)
rElec    +         Harm     .   (no cloak)
rCorr    .         Rampage  .   (no gloves)
Will     .....                  (no boots)
Stlth    ..........             (no amulet)
HPRegen  0.10/turn              (no ring)
MPRegen  0.09/turn              (no ring)

@: mighty
A: sickness immunity, AC +3, negative energy resistance 1, electricity
resistance, torment resistance 1, petrification resistance
a: no special abilities


You were on level 1 of the Abyss.
You visited 1 branch of the dungeon, and saw 3 of its levels.
You visited the Abyss 1 time.

You collected 121 gold pieces.

Inventory:

Hand Weapons
 a - a +0 flail (weapon)
Armour
 b - a +0 scale mail (worn)
 c - a +0 kite shield (worn)
Jewellery
 g - a ring of wizardry
Scrolls
 f - 4 scrolls of identify {@r1}
 h - a scroll of teleportation
 k - a scroll of magic mapping
Potions
 d - a potion of might
 e - a potion of cancellation
 i - 2 potions of brilliance


   Skills:
 + Level 5.9 Fighting
 - Level 2.0 Maces & Flails
 - Level 3.2 Armour
 - Level 3.2 Shields


You had 3 spell levels left.
You didn't know any spells.
Your spell library was empty.

Dungeon Overview and Level Annotations

Branches:
Dungeon (3/15)

Altars:


Innate Abilities, Weirdness & Mutations

You are immune to sickness and miasma.
Your stone body is resilient. (AC +3)
You are immune to poison.
You resist negative energy. (rN+)
You are resistant to electric shocks. (rElec)
You are resistant to unholy torment.
You are immune to petrification.


Message History

The quasit bites you. You block the quasit's attack.
The quasit barely misses you.
You miss the quasit.
The quasit is heavily wounded.
The hell hog squeals angrily.
You hear an angry squeal.
You block the quasit's attack. The quasit barely misses you.
The quasit claws you but does no damage.
You block the quasit's attack. The quasit completely misses you.
The quasit closely misses you.
You feel very mighty all of a sudden. The hell hog completely misses you.
You block the quasit's attack. The quasit barely misses you.
The quasit closely misses you.
A hell hog comes into view.
You barely miss the hell hog. You block the hell hog's attack.
The quasit barely misses you. x2; You block the quasit's attack.
The hell hog bites you.
The quasit bites you but does no damage.
The quasit claws you but does no damage.
The quasit closely misses you.
You thump the hell hog!
The hell hog is moderately wounded.
The hell hog bites you!
The quasit bites you but does no damage.
You block the quasit's attack. x2; The quasit completely misses you.
The quasit barely misses you.
The quasit claws you but does no damage.
The hell hog breathes fire at you.
The fireball explodes!
The fireball engulfs you!
* * * LOW HITPOINT WARNING * * *
You hear an angry squeal.
You hear a chilling moan.
Found a gateway leading deeper into the Abyss.
The hell hog bites you but does no damage.
Found a robe.
A hell hog comes into view.
Found a gateway leading out of the Abyss.
You see here a +0 robe.
You block the hell hog's attack. The hell hog breathes fire at you.
The fireball explodes!
The fireball engulfs you!
You die...

###. ..# .#.# ..# #
.#. ... .#.
..####.∩# ..#
..#.#.###. #
#.##.#..#... #
#.....#...# ##.
#..@#.# . #
..#....# .## . .
...#>.#[h#....##. .
. #......h###.##..
. .#
#...###......#.....
..# #.##.###. ..
#####..#h.##.
##..#.# ...h#. #.


You could see 2 hell hogs.

Vanquished Creatures
  A jelly (D:3)
  2 adders (D:2)
  A worm (D:1)
  3 dart slugs
  7 ball pythons
  3 bats
  4 endoplasms
  A giant cockroach (D:2)
  4 goblins
  8 hobgoblins
  2 jackals (D:3)
  A quokka (D:1)
  2 kobolds (D:2)
  6 rats
45 creatures vanquished.

Notes
Turn   | Place    | Note
-------+----------+-------------------------------------------
     0 | D:1      | leviel the Gargoyle Fighter began the quest for the Orb.
     0 | D:1      | Reached XP level 1. HP: 14/14 MP: 1/1
   309 | D:1      | Reached XP level 2. HP: 19/20 MP: 2/2
   358 | D:1      | Reached skill level 4 in Fighting
   710 | D:1      | Reached XP level 3. HP: 24/24 MP: 3/3
  1499 | D:2      | Reached skill level 5 in Fighting
  2235 | D:2      | Reached XP level 4. HP: 26/31 MP: 4/4
  2322 | D:3      | Found a faded altar of an unknown god.
  2577 | D:3      | Cast into level 1 of the Abyss (kobold)
  2601 | Abyss:1  | Noticed a hell hog
  2603 | Abyss:1  | Noticed a hell hog
  2611 | Abyss:1  | Noticed a hell hog
  2614 | Abyss:1  | Killed from afar by a hell hog

Illustrated notes

Levels and vault maps discovered:
D:1:      dpeg_arrival_brainrot, layout_rooms, lemuel_another_geyser
D:2:      layout_basic, serial_co_window_serial, co_window_cross_1,
          co_window_of_opportunity_a, co_window_corner_a, co_window_corner_a,
          co_window_of_opportunity_a, co_window_paths_b,
          co_window_unsneaky_path_b, co_window_broadway_a, co_window_2corner,
          co_window_2corner, co_window_paths_d, co_window_4corner_a,
          glass_columns_c, glass_columns_a, glass_columns_a,
          corexii_item_surrounded_by_moat, serial_bayou_pond_b, st_stairs_13
D:3:      layout_basic, ebering_ecumenical_altar_ruins, grunt_ministairs_14,
          uniq_jessica
Abyss:1:  base:
Temple

Skill      XL: |  1  2  3 |
---------------+----------+-----
Fighting       | 4 5 |  5.9
Maces & Flails | |  2.0
Armour         | |  3.2
Shields        | |  3.2

Action                   |  1- 3 |  4- 6 || total
-------------------------+-------+-------++-------
Melee: Flail             |   129 |    24 ||   153
  Use: Scroll            |     8 |     1 ||     9
       Potion            |       |     1 ||     1
Armor: Scale mail        |    75 |    25 ||   100
Dodge: Dodged            |    40 |    24 ||    64
Block: Kite shield       |    83 |    27 ||   110

Table legend: (Time is in decaauts)
 A = Elapsed time spent in this place.
 B = Non-inter-level travel time spent in this place.
 C = Inter-level travel time spent in this place.
 D = Time resting spent in this place.
 E = Time spent auto-exploring this place.
 F = Levels seen in this place.
 G = Mean time per level.
                   A        B        C        D        E       F      G
               +--------+--------+--------+--------+--------+-----+--------+
         Total |   2696 |   2635 |     61 |      0 |   2235 |   4 |  674.0 |
       Dungeon |   2655 |   2594 |     61 |      0 |   2234 |   3 |  885.0 |
         Abyss |     40 |     40 |      0 |      0 |      1 |   1 |   40.0 |
               +--------+--------+--------+--------+--------+-----+--------+

Top non-repeatable levels by time:
     D:2: 1408 daAuts
     D:1: 978 daAuts
     D:3: 268 daAuts
 Abyss:1: 40 daAuts
